 Dungeon Crawl Stone Soup version 0.24-a0-284-g9fb9971df1 (webtiles) character file.

Game seed: 9761387222135235545

46 HAL9000 the Sneak (level 3, 0/16 HPs)
             Began as a Vine Stalker Enchanter on May 4, 2019.
             Slain by a hobgoblin
             ... wielding a +0 club
             ... led by Robin
              (3 damage)
             ... on level 2 of the Dungeon.
             The game lasted 00:02:21 (1099 turns).

HAL9000 the Sneak (Vine Stalker Enchanter)          Turns: 1099, Time: 00:02:22

Health: 0/16       AC:  3    Str: 11    XL:     3   Next: 68%
Magic:  0/16       EV: 11    Int: 15    God:
Gold:   79         SH:  1    Dex: 14    Spells: 0/6 levels left

rFire    . . .     SeeInvis .   a - +1 dagger
rCold    . . .     Gourm    .   e - -2 buckler (curse)
rNeg     . . .     Faith    .   b - +0 robe
rPois    .         Spirit   +   (no helmet)
rElec    .         Reflect  .   (no cloak)
rCorr    .         Harm     .   (no gloves)
MR       .....                  i - +0 pair of boots
Stlth    +++.......             (no amulet)
HPRegen  0.05/turn              h - ring of magical power
MPRegen  0.15/turn              (no ring)

@: about to teleport
A: fangs 2, magic shield, antimagic bite, no potion heal 3, rot immunity
a: no special abilities


You were on level 2 of the Dungeon.
You were not hungry.

You visited 1 branch of the dungeon, and saw 2 of its levels.

You collected 79 gold pieces.

Inventory:

Hand Weapons
 a - a +1 dagger (weapon)
Armour
 b - a +0 robe (worn)
 e - a cursed -2 buckler (worn)
 i - a +0 pair of boots (worn)
Jewellery
 h - a ring of magical power (left hand)
Scrolls
 c - a scroll of identify {unknown}
 g - a scroll of teleportation
Comestibles
 d - 3 rations
 f - 4 chunks of flesh


   Skills:
 + Level 1.4 Short Blades
 - Level 1.5 Dodging
 + Level 4.7 Stealth
 - Level 2.1 Spellcasting
 + Level 3.6 Hexes


You couldn't memorise any spells.
You knew the following spells:

 Your Spells              Type           Power        Failure   Level  Hunger
a - Corona                Hex            ##.....      9%          1    #......
b - Ensorcelled Hibernat  Hex/Ice        #.....       26%         2    ###....
c - Confuse               Hex            ##......     24%         3    ###....

Your spell library contained the following spells:

 Spells                   Type           Power        Failure   Level  Hunger
 Tukima's Dance           Hex            ##......     24%         3    ###....
 Dazzling Spray           Conj/Hex       #.....       45%         3    ###....


Dungeon Overview and Level Annotations

Branches:
Dungeon (2/15)

Altars:

Annotations:
D:2 Robin


Innate Abilities, Weirdness & Mutations

You have extremely sharp teeth.
When hurt, damage is shared between your health and your magic reserves.
Your bite disrupts and absorbs the magic of your enemies.
Potions cannot restore your health.
You are immune to rotting.


Message History

Unknown command.
You hit the goblin.
The goblin is moderately wounded.
The goblin barely misses you.
Unknown command.
As you read the scroll of teleportation, it crumbles to dust.
You feel strangely unstable. The hobgoblin barely misses you.
Robin says, "Duck!"
You block the goblin's attack.
Unknown command.
You hit the goblin. Your bite misses the goblin.
The goblin is severely wounded.
The hobgoblin barely misses you.
Robin drinks a potion.
Robin seems to speed up.
The goblin barely misses you.
You barely miss the goblin. You bite the goblin.
You kill the goblin!
Robin throws the goblin at you!
* * * LOW HITPOINT WARNING * * *
The hobgoblin hits you with a +0 club!
You die... #.# #. #..#.## #.# #.##..#.. #.# .......## ####.# ....... .>.>.# .rgl... .#####.. gb....

........
#g##.#
........
#@##.#
..#####.
#g##.#
..#####.
#..#.#
......#.
##.#.#
#........
#...#
#.####...
+.#.รท#
#.##.....
#.#..#
#.##.....
#.##.##
#.##...#+
#. #..#
#.##...


You could see Robin, a leopard gecko, 2 hobgoblins, a goblin, a bat and a rat.

Vanquished Creatures
  An adder (D:2)
  2 dart slugs (D:1)
  4 bats (D:1)
  A giant cockroach (D:1)
  8 goblins
  6 hobgoblins
  4 frilled lizards
  2 kobolds (D:1)
  6 rats (D:1)
34 creatures vanquished.

Notes
Turn   | Place    | Note
-------+----------+-------------------------------------------
     0 | D:1      | HAL9000 the Vine Stalker Enchanter began the quest for the
                  | Orb.
     0 | D:1      | Reached XP level 1. HP: 9/9 MP: 4/4
   137 | D:1      | Reached XP level 2. HP: 7/13 MP: 3/6
   328 | D:1      | Reached skill level 1 in Short Blades
   337 | D:1      | Reached skill level 4 in Stealth
   349 | D:1      | Learned a level 2 spell: Ensorcelled Hibernation
   820 | D:1      | Reached XP level 3. HP: 15/16 MP: 7/7
   825 | D:1      | Learned a level 3 spell: Confuse
  1083 | D:2      | Noticed Robin
  1099 | D:2      | Slain by a hobgoblin

Levels and vault maps discovered:
D:1:      minmay_arrival_open_corners, layout_loops_ring
D:2:      layout_basic, uniq_robin

Skill      XL: |  1  2 |
---------------+-------+-----
Short Blades   | 1 |  1.4
Stealth        | 4 |  4.7
Dodging        | |  1.5
Spellcasting   | |  2.1
Hexes          | |  3.6

Action                   || total
-------------------------++-------
Melee: Dagger            ||   106
       Bite              ||    19
 Cast: Corona            ||     2
       Ensorcelled Hiber ||     2
  Use: Scroll            ||     4
 Stab: Sleeping          ||    10
  Eat: Chunk             ||     1
Armor: Robe              ||     6
Dodge: Dodged            ||    60
Block: Buckler           ||     3

Table legend:
 A = Non-vault XP
 B = Vault XP
 C = Vault XP percentage of total XP
 D = Non-vault monster count
 E = Vault monster count
 F = Vault count percentage of total count
                 A         B        C        D         E       F
            +---------+---------+-------+---------+---------+-------
      Total |      51 |      16 |  23.9 |      25 |       9 |  26.5
            +---------+---------+-------+---------+---------+-------
        D:1 |      36 |       0 |   0.0 |      22 |       0 |   0.0
        D:2 |      15 |      16 |  51.6 |       3 |       9 |  75.0
            +---------+---------+-------+---------+---------+-------
